 Dungeon Crawl Stone Soup version 5.7-8-g3a8b389 (webtiles) character file.

40 justtesting the Vexing (level 4, -1/28 HPs)
             Began as a Skeleton Arcane Marksman on Sept 19, 2018.
             Slain by a crimson imp (2 damage)
             ... on level 2 of the Dungeon.
             The game lasted 00:04:14 (1034 turns).

justtesting the Vexing (Skeleton Arcane Marksman)   Turns: 1034, Time: 00:04:15

Health: -1/28      AC:  2 (0%)Str: 12   XL:     4   Next: 51%
Magic:  6/6        EV: 12    Int: 11    God:
Gold:   111        SH:  0    Dex: 12    Spells: 6/7 levels left

rFire    . . .     SeeInvis .   a - +1 shortbow
rCold    + . .     Faith    .   (shield currently unavailable)
rNeg     + + +     Spirit   .   c - +0 robe
rPois    ∞         Reflect  .   (no helmet)
rElec    .                      (no cloak)
rCorr    .                      (no gloves)
MR       .....                  (no boots)
Stlth    ++........             (no amulet)
Regen    0.1/turn               (no ring)
MPRegen  0.2/turn               (no ring)

@: no status effects
A: spooky, fear immunity, bone armour, cold resistance 1, negative energy
resistance 3, torment resistance, unbreathing
a: no special abilities


You were on level 2 of the Dungeon.
You were not hungry.

You visited 1 branch of the dungeon, and saw 2 of its levels.

You collected 111 gold pieces.

Inventory:

Hand Weapons
 a - a +1 shortbow (weapon)
 g - a +0 dagger
Missiles
 d - 54 tomahawks
Armour
 b - a +0 scale mail
 c - a +0 robe (worn)
Jewellery
 h - an uncursed ring of resist corrosion
Scrolls
 i - 2 scrolls of teleportation
 j - a scroll of enchant armour
Potions
 e - a potion of resistance
 k - a potion of flight


   Skills:
 - Level 1.0 Fighting
 * Level 3.3 Bows & Xbows
 - Level 1.7 Dodging
 + Level 1.7 Stealth
 + Level 4.2 Hexes


You had 6 spell levels left.
You knew the following spells:

 Your Spells              Type           Power        Failure   Level  Hunger
a - Corona                Hex            9 (90)       6%          1    N/A

Your spell library contained the following spells:

 Spells                   Type           Power        Failure   Level  Hunger
 Cause Fear               Hex            9 (200)      52%         4    N/A
 Slow                     Hex            9 (100)      10%         2    N/A
 Blink                    Tloc           N/A          47%         2    N/A
 Portal Projectile        Hex/Tloc       4 (50)       41%         3    N/A
 Leda's Liquefaction      Hex/Erth       4 (200)      83%         4    N/A

Dungeon Overview and Level Annotations

Branches:
Dungeon (2/15)

Altars:
Makhleb


Innate Abilities, Weirdness & Mutations

You are spooky and scary.
You do not feel fear.
You gain temporary bone armour from killing.
You are immune to poison.
Your flesh is cold resistant. (rC+)
You are immune to negative energy. (rN+++)
You are immune to unholy pain and torment.
You can survive without breathing.


Message History

Press: ? - help, Shift-Dir - straight line, f/p - crimson imp
Aim: a crimson imp
Okay, then.
You shoot an arrow.
The arrow closely misses the crimson imp (0).
The crimson imp hits you but does no damage.
Firing (i - inventory):
Press: ? - help, Shift-Dir - straight line, f/p - crimson imp
Aim: a crimson imp
Okay, then.
You shoot an arrow. The arrow hits the crimson imp (2).
The crimson imp is lightly wounded.
The crimson imp hits you (2).
* * * LOW HITPOINT WARNING * * *
The crimson imp hits you (2).
* * * LOW HITPOINT WARNING * * *
The crimson imp shouts, "Away with thee, thou unmuzzled ruttish hugger-mugger!"
The crimson imp hits you but does no damage.
The crimson imp hits you (2).
You die...

#...#..###....##
#...#......#..#
..........).##
########.#..###.#.#
#....#..........#.#
##.#.#.#..........+
#.#..............+
#.#..............+
#.#@#.#..#.....#.#
##.#5#.#..#.....#.#
#..#.#.#..#....##.#
##.#.#.#..#....#
#.#.#.#..#....#
#.#.#...##....#
#.#.###.##....#
#.#.###>##.#####.
#.#..............


You could see a crimson imp.

Vanquished Creatures
  4 adders (D:2)
  2 dart slugs
  5 quokkas
  6 giant cockroaches
  2 goblins
  5 hobgoblins
  A ball python (D:1)
  5 bats
  3 frilled lizards
  6 kobolds
  5 rats
44 creatures vanquished.

Notes
Turn   | Place    | Note
-------+----------+-------------------------------------------
     0 | D:1      | justtesting the Skeleton Arcane Marksman began the quest for the Orb.
     0 | D:1      | Reached XP level 1. HP: 12/12 MP: 2/2
   189 | D:1      | Reached skill level 1 in Fighting
   189 | D:1      | Reached XP level 2. HP: 18/18 MP: 3/3
   246 | D:1      | Reached skill level 4 in Hexes
   335 | D:1      | Reached XP level 3. HP: 20/23 MP: 5/5
   612 | D:2      | Reached skill level 1 in Stealth
   738 | D:2      | Reached XP level 4. HP: 28/28 MP: 6/6
   982 | D:2      | Found a burning altar of Makhleb.
  1025 | D:2      | HP: 1/28 [crimson imp (2)]
  1034 | D:2      | Slain by a crimson imp

Skill      XL: |  1  2  3 |
---------------+----------+-----
Fighting       | 1 |  1.0
Hexes          | 4 |  4.2
Stealth        | 1 |  1.7
Bows & Xbows   | 3 |  3.3
Dodging        | |  1.7

Action                   |  1- 3 |  4- 6 || total
-------------------------+-------+-------++-------
 Fire: Shortbow          |    91 |    66 ||   157
  Use: Scroll            |       |     1 ||     1
Armor: Robe              |     5 |    15 ||    20
Dodge: Dodged            |    12 |    29 ||    41
Block: Other             |       |     4 ||     4
